 Dungeon Crawl Stone Soup version 0.32-a0-20-ge526923d97 (webtiles) character file.

Game seed: 2099645873836805963

2855 jasper the Fighter (level 9, -13/97 (101) HPs)
             Began as an Oni Cinder Acolyte on Jan 17, 2024.
             Was a High Priest of Ignis.
             Mangled by a warg (16 damage)
             ... on level 8 of the Dungeon.
             The game lasted 00:10:24 (8359 turns).

jasper the Fighter (Oni Cinder Acolyte)             Turns: 8359, Time: 00:10:24

HP:   -13/97 (101)  AC: 10    Str: 20    XL:     9   Next: 75%
MP:   1/21          EV:  9    Int: 19    God:    Ignis [*****.]
Gold: 258           SH:  0    Dex:  4    Spells: 15/25 levels left

rFire   + . .        j - +4 hand axe (flame)
rCold   . . .        (no shield)
rNeg    . . .        b - +0 robe
rPois   +            (helmet restricted)
rElec   .            (no cloak)
rCorr   +            (gloves unavailable)
SInv    .            (boots unavailable)
Will    .....        (no amulet)
Stlth   +            i - ring of resist corrosion
HPRegen 0.36/turn    y - ring of poison resistance
MPRegen 0.17/turn

%: no passive effects
@: fiery-armoured, lightly drained
A: large, unfitting armour, horns 1, tough skin 1, double potion healing,
drunken brawling
a: Renounce Religion, Fiery Armour, Foxfire Swarm


You were on level 8 of the Dungeon.
You worshipped Ignis.
Ignis was extremely pleased with you.
You visited 1 branch of the dungeon, and saw 8 of its levels.
You also visited: Ossuary.

You collected 258 gold pieces.

Inventory:

Hand Weapons
 a - a -1 spear of flaming
 g - a +1 hand axe of flaming
 j - a +4 hand axe of flaming (weapon)
 u - a +1 heavy flail
Missiles
 c - 91 stones
 n - 3 throwing nets
Armour
 b - a +0 robe (worn)
 d - a +0 buckler
Jewellery
 i - a ring of resist corrosion (left hand)
 y - a ring of poison resistance (right hand)
Talismans
 s - a talisman of death
Wands
 o - a wand of charming (14)
Scrolls
 h - a scroll of vulnerability
 t - 3 scrolls of noise
 v - a scroll of revelation {unknown}
 x - a scroll of poison
 A - a scroll of silence {unknown}
Potions
 e - 2 potions of haste
 f - a potion of cancellation
 k - a potion of brilliance {unknown}
 l - a potion of ambrosia {unknown}
 m - 2 potions of attraction {unknown}
 p - 2 potions of curing {unknown}
 q - 2 potions of resistance {unknown}
 r - 2 potions of enlightenment {unknown}
 w - a potion of magic {unknown}
 z - a potion of heal wounds {unknown}


   Skills:
 + Level 10.2 Fighting
 - Level 3.0 Polearms
 + Level 8.8 Spellcasting
 * Level 4.1 Necromancy
 - Level 5.0 Translocations
 - Level 3.0 Fire Magic


You had 15 spell levels left.
You knew the following spells:

 Your Spells              Type           Power      Damage    Failure   Level
a - Scorch                Fire           38%        2d6       3%          2
b - Gell's Gravitas       Tloc           27%        N/A       3%          3
c - Teleport Other        Tloc           27%        N/A       3%          3
d - Sublimation of Blood  Necr           24%        N/A       2%          2

Your spell library contained the following spells:

 Spells                   Type           Power      Damage    Failure   Level
 Call Imp                 Summ           16%        N/A       13%         2
 Jinxbite                 Hex            16%        N/A       13%         2
 Dispersal                Tloc           13%        N/A       86%         6
 Yara's Violent Unravell  Hex/Alch       4%         3d4       93%         5
 Enfeeble                 Hex            4%         N/A       100%        7
 Summon Hydra             Summ           4%         N/A       100%        7


Dungeon Overview and Level Annotations

Branches:
Dungeon (8/15)             Temple (0/1) D:7         Ossuary (visited)
   Lair: D:8-11

Altars:
Cheibriados
Makhleb
Qazlal

Shops:
D:3 (   D:6 *


Innate Abilities, Weirdness & Mutations

You are too large for most types of armour.
You have a pair of small horns on your head.
You have tough skin. (AC +1)
You gain doubled healing and magic from potions.
Whenever you drink a healing potion, you attack all around you.


Message History

You don't have enough magic to cast this spell.
You don't have enough magic to cast this spell.
You don't have enough magic to cast this spell.
You hit the warg. You burn the warg.
You headbutt the warg, but do no damage.
The warg is heavily wounded.
The warg closely misses you. The warg completely misses you.
You barely miss the warg. Your headbutt misses the warg.
The warg is heavily wounded.
The warg completely misses you. The warg bites you!
You take 9 damage, and have 45/97 hp.
You closely miss the warg.
The warg is heavily wounded.
The warg bites you!
You take 12 damage, and have 33/97 hp.
You slash the warg! You burn the warg. Your headbutt misses the warg.
The warg is almost dead.
The warg bites you but does no damage. The warg bites you.
You take 3 damage, and have 30/97 hp.
Casting: Scorch (safe; 3% risk of failure)
Press: ? - help, Q - select action, (/) - cycle Dir - look around, f - activate Flames lash the warg.
The warg is burned terribly!
The warg is almost dead.
The warg bites you.
* * * LOW HITPOINT WARNING * * *
The warg barely misses you.
You take 6 damage, and have 24/97 hp.
You now have 0/21 mp.
You hit the warg but do no damage. Your headbutt misses the warg.
The warg is almost dead.
The warg barely misses you.
You hit the warg but do no damage.
The warg is almost dead.
The warg closely misses you. The warg bites you!!
* * * LOW HITPOINT WARNING * * *
You take 23 damage, and have 2/97 hp.
MASSIVE DAMAGE!!
Okay, then.
Okay, then.
A protective cloak of flame settles atop you.
The warg bites you!
You die...

#.#..######.h.#
#.#..# #..... #†#..#
#.#..#
####†#..####.#..##
#............#...
#.####....>..#.###.#
# #.##.....$....#
#.#####h####.## #.#
#@# #.# #)# #.# #.#
..# #.# ..) ....#
###... #.### ..#


You could see a warg (combustible).

Vanquished Creatures
  3 water moccasins
  3 ice beasts
  2 black bears
  2 ogres
  2 wolves (D:8)
  A phantom (D:5)
  A kobold brigand (D:6)
  A gnoll sergeant (D:7)
  4 scorpions
  4 killer bees (D:8)
  2 jellies
  8 hounds
  2 gnoll boudas
  4 orc priests
  3 iguanas
  6 orc wizards
  A mummy (D:6)
  7 adders
  22 gnolls
  2 shadow imps
  4 dart slugs
  A ribbon worm (D:4)
  16 orcs
  7 bats
  12 endoplasms
  2 giant cockroaches
  A gnoll zombie (Ossuary)
  7 goblins
  8 hobgoblins
  A quokka (D:2)
  8 ball pythons
  3 frilled lizards
  11 kobolds
  A kobold zombie (Ossuary)
  5 rats
167 creatures vanquished.

Notes
Turn   | Place    | Note
-------+----------+-------------------------------------------
     0 | D:1      | jasper the Oni Cinder Acolyte began the quest for the Orb.
     0 | D:1      | Reached XP level 1. HP: 24/24 MP: 2/2
   224 | D:1      | Reached XP level 2. HP: 32/32 MP: 4/4
   227 | D:1      | Learned a level 2 spell: Scorch
   559 | D:1      | Reached XP level 3. HP: 40/40 MP: 1/6
  1398 | D:2      | You fall into a shaft and drop 2 floors!
  1407 | D:4      | Found a stormy altar of Qazlal.
  1505 | D:4      | Noticed a scorpion
  1508 | D:4      | Noticed a scorpion
  1511 | D:4      | Reached XP level 4. HP: 45/49 MP: 2/9
  1512 | D:4      | Reached skill level 5 in Fighting
  1517 | D:4      | Killed a scorpion
  1518 | D:4      | Reached XP level 5. HP: 48/57 MP: 1/11
  1540 | D:4      | Reached skill level 5 in Spellcasting
  1576 | D:4      | Reached XP level 6. HP: 64/67 MP: 5/13
  1716 | D:4      | Reached skill level 6 in Fighting
  1935 | D:3      | Learned a level 3 spell: Gell's Gravitas
  1939 | D:3      | Learned a level 3 spell: Teleport Other
  2887 | D:2      | Reached skill level 1 in Translocations
  3312 | D:3      | Found Mepohuiwo's Antique Weapon Emporium.
  3515 | D:4      | Reached XP level 7. HP: 76/76 MP: 8/15
  4089 | D:4      | Learned a level 2 spell: Sublimation of Blood
  4221 | D:5      | Entered Level 5 of the Dungeon
  4400 | D:5      | Reached skill level 7 in Fighting
  4651 | D:5      | Reached XP level 8. HP: 87/87 MP: 8/17
  4843 | D:5      | Found a snail-covered altar of Cheibriados.
  4960 | D:5      | Found a burning altar of Makhleb.
  5679 | D:6      | Reached skill level 8 in Fighting
  5696 | D:6      | Reached skill level 5 in Translocations
  5886 | D:6      | Reached skill level 9 in Fighting
  5889 | D:6      | Reached XP level 9. HP: 31/98 MP: 4/20
  5922 | D:6      | Found a sand-covered staircase.
  5929 | Ossuary  | Entered an ossuary
  6226 | D:6      | Found Deeg's Profane Products.
  6268 | D:6      | Noticed a two-headed ogre
  6622 | D:7      | Reached skill level 1 in Necromancy
  7068 | D:7      | Found a staircase to the Ecumenical Temple.
  8214 | D:8      | Reached skill level 10 in Fighting
  8358 | D:8      | HP: 2/97 [warg (23)]
  8359 | D:8      | Mangled by a warg

Illustrated notes

Levels and vault maps discovered:
D:1:      dpeg_arrival_morbid_curiosity, layout_basic, st_stairs_14,
          bh_walls_and_bars
D:2:      layout_loops_cross
D:3:      layout_rooms, serial_shops, shop
D:4:      layout_cave_pools, nicolae_qazlal_general_emergency
D:5:      layout_basic, mainiacjoe_overflow_catwalk, cheibriados_altar_1
D:6:      layout_rooms, dk_yredelemnul_ordeal, gup_ossuary_entry_pyramid,
          hangedman_abyss_or_decor_stagger, grunt_ministairs_2,
          nicolae_evil_shop
D:7:      layout_loops_ring, minmay_temple_entry_trees, serial_library,
          serial_library_hellmonk_angled_corner,
          serial_library_hellmonk_big_corner,
          serial_library_regret_index_small_wings,
          serial_library_hellmonk_small_alcove,
          serial_library_hellmonk_small_alcove,
          serial_library_hellmonk_small_alcove,
          serial_library_regret_index_split_case, serial_library_hellmonk_h_bend
D:8:      layout_loops_ring, led_xom_imps, erik_lair_orcish_takeover,
          minivault_4, uniq_maggie, uniq_prince_ribbit1

Skill      XL: |  1  2  3  4  5  6  7  8  9 |
---------------+----------------------------+-----
Spellcasting   | 2 3 4 5 6 7 8 |  8.8
Fire Magic     | 3 |  3.0
Fighting       | 5 6 7 9 10 | 10.2
Translocations | 1 3 5 |  5.0
Necromancy     | 4 |  4.1
Polearms       | |  3.0

Action                     |  1- 3 |  4- 6 |  7- 9 || total
---------------------------+-------+-------+-------++-------
  Melee: Spear             |    34 |       |       ||    34
         Headbutt          |     4 |     1 |     4 ||     9
         Hand axe          |     9 |    17 |    63 ||    89
   Cast: Scorch            |    28 |    69 |   174 ||   271
         Gell's Gravitas   |       |       |     3 ||     3
         Sublimation of Bl |       |       |     1 ||     1
 Invoke: Fiery Armour      |     1 |       |     2 ||     3
         Rising Flame      |       |       |     1 ||     1
    Use: Scroll            |       |     4 |     5 ||     9
         Potion            |       |       |     1 ||     1
 Armour: Robe              |    32 |    40 |   158 ||   230
  Dodge: Dodged            |    27 |    25 |   106 ||   158

Table legend: (Time is in decaauts)
 A = Elapsed time spent in this place.
 B = Non-inter-level travel time spent in this place.
 C = Inter-level travel time spent in this place.
 D = Time resting spent in this place.
 E = Time spent auto-exploring this place.
 F = Levels seen in this place.
 G = Mean time per level.
                   A        B        C        D        E       F      G
               +--------+--------+--------+--------+--------+-----+--------+
         Total |   8379 |   8255 |    124 |   1224 |   5966 |   9 |  931.0 |
       Dungeon |   8333 |   8209 |    124 |   1224 |   5939 |   8 | 1041.6 |
       Ossuary |     46 |     46 |      0 |      0 |     27 |   1 |   46.0 |
               +--------+--------+--------+--------+--------+-----+--------+

Top non-repeatable levels by time:
     D:5: 1836 daAuts
     D:7: 1395 daAuts
     D:2: 1323 daAuts
     D:1: 1106 daAuts
     D:3: 926 daAuts
     D:4: 874 daAuts
     D:6: 515 daAuts
     D:8: 355 daAuts
 Ossuary: 46 daAuts
